Map: Galactic Process LE

Players

Chornolio

  • Race: Terran Terran

Gracz - Winner!

  • Race: Protoss Protoss
  • League: Bronze

VOD

Have the link to the VOD?

Description

Time

  • Played on: Sept. 17, 2016, 6:46 a.m.
  • Length: 17:00
Show
View Real Time Build Order
Export as new Build Order

Chornolio Terran 

Build Orders:  

Get SALT Encoding   

  12  0:01  SCV  
  13  0:14  SCV  
  14  0:21  Supply Depot  
  14  0:26  SCV  
  15  0:37  Refinery  
  15  0:42  SCV  
  16  0:55  Barracks  
  16  1:20  SCV  
  17  1:32  SCV  
  18  1:42  Marine  
  19  2:00  Marine  
  20  2:17  Marine  
  20  2:21  SCV  
  22  2:35  Marine  
  23  4:13  Supply Depot  
  23  4:15  Supply Depot  
  23  4:18  Refinery  
  23  4:26  Barracks  
  23  4:28  Factory  
  23  4:34  Marine  
  24  4:43  Supply Depot  
  24  4:47  SCV  
  24  4:48  Barracks  
  24  4:52  Marine  
  26  4:59  SCV  
  27  5:10  Marine  
  27  5:11  Factory Tech Lab  
  28  5:15  Marine  
  29  5:28  Marine, Starport  
  30  5:33  Marine  
  31  5:36  Supply Depot  
  31  5:37  Supply Depot  
  31  5:41  SCV  
  32  5:44  Marine  
  32  5:45  Marine  
  34  5:51  Marine  
  34  5:52  Siege Tank  
  34  5:53  SCV  
  39  6:02  Marine  
  40  6:05  SCV  
  40  6:06  Starport  
  40  6:08  Marine  
  40  6:10  Barracks Tech Lab  
  42  6:17  Medivac  
  44  6:25  Siege Tank  
  47  6:47  Viking x2  
  51  6:57  Siege Tank  
  54  7:16  Viking  
  54  7:17  Viking  
  58  7:47  Viking  
  60  7:52  Marine x3  
  60  7:54  Command Center  
  63  8:03  Supply Depot  
  63  8:05  Supply Depot  
  63  8:25  Marine x3, Siege Tank  
  69  8:57  Siege Tank  
  55  9:14  Marine x2  
  55  9:16  Viking  
  58  9:44  Marine x3  
  61  9:46  Viking  
  55  10:01  Marine  
  55  10:02  Marine x2  
  56  10:13  Siege Tank  
  59  10:16  Viking  
  59  10:17  Viking  
  59  10:19  Marine x2  
  59  10:20  Marine  
  63  10:37  Marine x2  
  65  10:45  Siege Tank  
  65  10:46  Viking  
  65  10:47  Viking  
  68  11:07  Marine x3  
  71  11:14  SCV  
  71  11:16  Viking  
  71  11:17  Viking  
  76  11:24  Marine  
  76  11:25  Marine x2  
  40  12:08  SCV  
  41  12:09  Marine x3  
  41  12:12  Siege Tank  
  47  12:20  SCV  
  48  12:27  Marine x3  
  51  12:32  SCV  
  50  13:01  Viking x2  
  49  13:11  Bunker  
  41  13:25  Marine  
  41  13:26  Marine x2  
  41  13:31  Viking x2  
  39  13:43  Marine x2  
  39  13:44  Marine  
  38  14:01  Marine  
  38  14:25  Command Center  
  32  15:32  Bunker  
  32  15:47  SCV  
  34  15:57  SCV  
  34  15:59  SCV  
  35  16:08  Bunker  
  35  16:09  SCV  
  36  16:15  Marine  
  37  16:20  SCV  
  37  16:21  SCV  
  39  16:32  SCV  
  40  16:33  SCV  
  44  16:40  Refinery  
  44  16:41  Refinery  
Show
View Real Time Build Order
Export as new Build Order

Gracz Protoss - Winner!

Build Orders: Double Forge 

Get SALT Encoding   

  12  0:01  Probe (Chrono Boost)  
  13  0:16  Pylon  
  13  0:19  Probe (Chrono Boost)  
  14  0:30  Probe (Chrono Boost)  
  15  0:40  Probe (Chrono Boost)  
  16  0:45  Gateway  
  16  0:51  Probe (Chrono Boost)  
  16  0:53  Assimilator  
  17  1:01  Probe (Chrono Boost)  
  18  1:06  Pylon  
  18  1:24  Gateway  
  18  1:27  Gateway  
  18  1:36  Cybernetics Core  
  18  1:38  Probe (Chrono Boost)  
  19  1:49  Probe (Chrono Boost)  
  20  2:11  Assimilator  
  20  2:13  Warp Gate  
  20  2:22  Probe (Chrono Boost)  
  21  2:23  Nexus  
  21  2:33  Pylon  
  21  2:34  Probe (Chrono Boost)  
  22  2:46  Probe (Chrono Boost)  
  22  2:48  Twilight Council  
  24  2:58  Probe (Chrono Boost)  
  24  3:10  Probe (Chrono Boost)  
  24  3:12  Charge  
  25  3:13  Forge  
  25  3:15  Forge  
  25  3:22  Probe (Chrono Boost)  
  27  3:34  Probe x2 (Chrono Boost)  
  28  3:45  Probe (Chrono Boost)  
  28  3:46  Assimilator, Probe (Chrono Boost)  
  30  3:49  Assimilator  
  30  3:56  Protoss Ground Weapons Level 1  
  30  4:06  Protoss Ground Armor Level 1, Probe (Chrono Boost)  
  31  4:12  Zealot x2  
  31  4:13  Zealot  
  31  4:15  Probe (Chrono Boost)  
  38  4:22  Probe (Chrono Boost)  
  39  4:26  Probe (Chrono Boost)  
  40  4:38  Pylon  
  40  4:43  Pylon  
  40  4:46  Pylon  
  40  4:52  Pylon  
  40  4:56  Pylon  
  40  5:05  Gateway  
  40  5:06  Gateway  
  40  5:17  Stargate  
  40  5:18  Stargate  
  40  5:20  Stargate  
  40  5:34  Probe (Chrono Boost)  
  42  5:37  Probe (Chrono Boost)  
  42  5:39  Protoss Air Weapons Level 1  
  42  5:44  Probe (Chrono Boost)  
  42  5:48  Cybernetics Core  
  42  5:49  Probe (Chrono Boost)  
  44  5:51  Pylon  
  44  5:54  Stalker  
  44  5:55  Probe (Chrono Boost)  
  47  5:57  Zealot  
  47  6:01  Probe (Chrono Boost)  
  47  6:02  Zealot  
  52  6:05  Probe (Chrono Boost)  
  53  6:15  Mothership Core (Chrono Boost)  
  55  6:29  Nexus  
  55  6:33  Pylon  
  55  6:36  Pylon  
  55  6:38  Probe (Chrono Boost)  
  55  6:39  Assimilator  
  57  6:40  Probe (Chrono Boost)  
  57  6:42  Zealot  
  57  6:44  Assimilator  
  59  6:48  Protoss Shields Level 1  
  59  6:52  Probe (Chrono Boost)  
  60  6:56  Protoss Ground Weapons Level 2  
  60  7:04  Probe (Chrono Boost), Protoss Air Armor Level 1  
  60  7:07  Zealot x3  
  68  7:16  Probe (Chrono Boost)  
  68  7:24  Blink  
  68  7:37  Gateway  
  68  7:38  Gateway  
  68  7:50  Robotics Facility  
  68  7:53  Robotics Facility  
  68  7:57  Robotics Facility  
  68  8:09  Fleet Beacon  
  68  8:11  Probe (Chrono Boost)  
  71  8:12  Probe (Chrono Boost)  
  71  8:14  Probe (Chrono Boost)  
  71  8:22  Probe (Chrono Boost)  
  71  8:24  Probe (Chrono Boost)  
  71  8:26  Probe (Chrono Boost)  
  74  8:28  Zealot  
  74  8:32  Probe (Chrono Boost)  
  77  8:34  Probe (Chrono Boost)  
  78  8:41  Pylon  
  78  8:43  Probe (Chrono Boost)  
  78  8:45  Pylon  
  78  8:46  Immortal  
  81  8:50  Stalker  
  81  8:51  Stalker  
  81  8:54  Probe (Chrono Boost)  
  76  9:04  Zealot x4  
  68  9:10  Stalker  
  68  9:12  Protoss Ground Armor Level 2  
  69  9:18  Stalker  
  67  9:25  Zealot  
  67  9:26  Zealot x2  
  73  9:35  Stalker  
  73  9:36  Stalker  
  77  9:38  Carrier  
  65  10:01  Zealot x2  
  65  10:02  Zealot x3  
  67  10:33  Zealot x3  
  67  10:35  Stalker x3  
  79  11:01  Zealot  
  79  11:02  Zealot x2  
  83  11:05  Carrier  
  89  11:22  Stalker x3  
  89  11:23  Stalker  
  79  12:10  Nexus  
  79  12:16  Probe (Chrono Boost)  
  79  12:17  Probe (Chrono Boost)  
  79  12:20  Carrier  
  87  12:27  Probe (Chrono Boost)  
  89  12:30  Probe (Chrono Boost)  
  89  12:37  Probe (Chrono Boost)  
  89  12:42  Probe (Chrono Boost)  
  91  13:31  Carrier  
  91  13:32  Carrier  
  91  13:34  Immortal  
  107  13:35  Zealot  
  109  13:46  Carrier  
  109  14:04  Zealot x3  
  109  14:05  Zealot x3  
  109  14:06  Zealot  
  123  14:15  Probe x2 (Chrono Boost)  
  123  14:16  Probe (Chrono Boost)  
  126  14:37  Nexus  
  126  14:50  Assimilator  
  126  14:57  Assimilator  
  126  15:01  Zealot x2  
  126  15:03  Assimilator  
  130  15:09  Immortal  
  130  15:11  Immortal  
  124  15:37  Probe x2 (Chrono Boost)  
  124  15:38  Probe (Chrono Boost)  
  127  15:47  Probe (Chrono Boost)  
  127  15:48  Pylon, Probe (Chrono Boost)  
  130  15:50  Probe (Chrono Boost)  
  130  15:52  Pylon  
  130  15:58  Probe x2 (Chrono Boost)  
  130  16:02  Probe (Chrono Boost)  
  133  16:09  Probe (Chrono Boost)  
  134  16:21  Zealot x2  
Tags
 
Add a new tag
Caveats
  • Supply blocks, unpowered buildings, or Contaminate may cause inaccurate times.
  • Supply counts are checked every 10 seconds.